Map: Redshift LE

Players

Bly - Winner!

  • Race: Zerg Zerg
  • Spawn Location: 7:00

TIME (Oliveira)

  • Race: Terran Terran
  • Spawn Location: 11:00

Event: WCS Austin 2018

VOD

Have the link to the VOD?

Description

Time

  • Played on: June 1, 2018, 9:55 p.m.
  • Length: 16:07

All games in this series

Show
View Real Time Build Order
Export as new Build Order

Bly Zerg - Winner!

Build Orders: Pool First, Ravager All-In 

Get SALT Encoding   

  12  0:01  Drone  
  13  0:12  Overlord  
  13  0:17  Drone  
  14  0:30  Drone x2  
  16  0:40  Spawning Pool  
  15  0:45  Drone  
  15  0:48  Drone  
  17  1:10  Hatchery  
  16  1:12  Drone  
  16  1:15  Extractor  
  16  1:23  Drone  
  17  1:27  Zergling x2  
  17  1:28  Zergling x2  
  17  1:32  Queen  
  21  1:40  Overlord  
  21  1:53  Roach Warren  
  20  1:57  Drone  
  20  2:01  Drone  
  22  2:11  Queen  
  24  2:33  Roach x3  
  24  2:34  Roach  
  31  2:44  Overlord  
  31  2:52  Drone x2  
  31  2:53  Drone x2  
  34  2:59  Overlord  
  34  3:08  Ravager  
  34  3:09  Roach  
  37  3:14  Drone x2  
  37  3:16  Drone  
  40  3:22  Drone  
  40  3:26  Drone x3  
  44  3:35  Drone x2, Ravager  
  44  3:40  Overlord  
  47  3:54  Drone x4  
  48  3:57  Overlord  
  48  3:58  Extractor  
  48  4:00  Ravager  
  48  4:04  Drone x2  
  48  4:05  Drone  
  48  4:08  Roach  
  51  4:19  Ravager  
  49  4:28  Drone x3  
  49  4:29  Drone x3  
  49  4:34  Hatchery  
  48  4:39  Spore Crawler  
  48  4:40  Spore Crawler  
  48  4:45  Ravager  
  47  4:46  Queen  
  47  4:50  Lair, Drone x2  
  51  4:52  Overlord  
  51  4:56  Extractor  
  50  5:19  Drone x3  
  50  5:20  Drone x4  
  50  5:21  Extractor  
  53  5:23  Roach x4  
  61  5:34  Roach x3  
  67  5:38  Overlord  
  67  5:48  Glial Reconstitution  
  67  5:49  Overseer  
  67  5:51  Roach x3  
  67  5:53  Overlord  
  67  5:57  Overlord  
  73  5:59  Overlord  
  73  6:10  Queen x3  
  79  6:12  Roach  
  79  6:13  Overlord x2  
  79  6:17  Overlord  
  81  6:19  Roach x3  
  87  6:31  Roach x5  
  87  6:32  Roach  
  99  6:36  Evolution Chamber  
  98  6:41  Roach x2  
  98  6:45  Drone x3  
  98  6:46  Queen  
  103  7:06  Ravager x6  
  103  7:07  Drone x2  
  103  7:08  Drone x4  
  115  7:10  Overlord  
  111  7:38  Roach  
  111  7:39  Roach x8  
  111  7:41  Overlord  
  111  7:43  Spore Crawler  
  128  7:44  Infestation Pit  
  128  7:46  Drone x3  
  128  7:47  Extractor x2  
  128  7:49  Overlord  
  128  7:55  Hatchery  
  117  8:01  Drone x2  
  117  8:02  Drone x2  
  113  8:08  Roach x2  
  113  8:11  Zerg Ground Armor Level 1  
  114  8:17  Drone x5  
  114  8:18  Drone  
  118  8:33  Infestor x3  
  124  8:34  Drone x3  
  124  8:35  Drone  
  124  8:36  Overlord  
  124  8:37  Overseer  
  117  9:03  Ravager  
  117  9:04  Ravager, Hive  
  117  9:07  Drone  
  117  9:08  Evolution Chamber, Drone x6  
  125  9:11  Queen x2  
  125  9:12  Overlord  
  118  9:25  Roach x6  
  127  9:44  Roach  
  127  9:45  Roach x5  
  129  9:54  Roach x9  
  129  9:57  Extractor  
  146  10:00  Extractor  
  145  10:07  Overlord x3  
  145  10:13  Zergling x2  
  146  10:21  Overlord  
  146  10:22  Hatchery  
  146  10:27  Ultralisk Cavern  
  144  10:31  Hatchery, Overlord  
  144  10:35  Metabolic Boost  
  143  10:37  Zergling x2  
  143  10:38  Zergling x18  
  143  10:39  Zerg Ground Armor Level 2  
  143  10:40  Zerg Melee Weapons Level 1  
  144  11:07  Roach  
  144  11:08  Roach x11  
  165  11:18  Chitinous Plating  
  135  11:33  Ultralisk  
  82  11:50  Drone x2  
  82  11:52  Drone x4  
  82  11:58  Spore Crawler  
  82  11:59  Ravager x4  
  75  12:19  Roach x3  
  70  12:34  Drone x2  
  70  12:35  Drone x2  
  71  12:41  Drone  
  71  12:47  Drone x2  
  68  13:07  Drone x3  
  68  13:12  Ultralisk  
  74  13:24  Drone  
  74  13:26  Drone x3  
  73  13:30  Drone  
  73  13:31  Drone x3  
  77  13:36  Drone  
  78  13:46  Ultralisk  
  84  13:49  Drone  
  84  13:54  Drone x3  
  88  13:59  Infestor  
  90  14:11  Ultralisk  
  96  14:20  Roach x4  
  104  14:33  Drone  
  103  14:55  Ravager x4  
  103  14:56  Roach x7  
  123  15:07  Roach x2  
  123  15:12  Overlord  
  119  15:27  Roach  
  121  15:30  Roach x3  
  121  15:33  Roach  
  121  15:34  Roach  
  131  15:38  Ravager x2  
  137  15:57  Ravager  
Show
View Real Time Build Order
Export as new Build Order

TIME Terran 

Build Orders: Gas First Reaper Expand, Reaper Expand, MMM Bio 

Get SALT Encoding   

  12  0:00  SCV  
  13  0:13  SCV  
  14  0:17  Supply Depot  
  14  0:25  SCV  
  15  0:30  Refinery  
  15  0:39  SCV  
  16  0:45  Barracks  
  16  0:51  SCV  
  17  1:03  SCV  
  18  1:15  SCV  
  19  1:33  Orbital Command, Reaper  
  20  1:42  Command Center  
  20  1:54  Factory  
  20  1:58  SCV  
  21  2:07  Barracks Reactor  
  21  2:10  SCV  
  21  2:14  Supply Depot  
  22  2:17  Refinery  
  22  2:22  SCV  
  23  2:36  SCV  
  23  2:48  Starport, SCV  
  23  2:53  Hellion x2  
  23  2:55  Barracks Tech Lab  
  27  3:01  SCV  
  27  3:03  Orbital Command  
  28  3:13  SCV  
  28  3:17  Hellion  
  31  3:21  Cyclone  
  34  3:28  SCV x2  
  36  3:35  Banshee  
  39  3:45  SCV  
  34  3:53  Cyclone  
  34  3:54  SCV  
  37  3:57  SCV  
  38  4:05  Supply Depot  
  38  4:07  SCV  
  38  4:09  SCV  
  42  4:12  Hellion  
  41  4:18  Supply Depot  
  41  4:20  SCV  
  40  4:26  Banshee  
  40  4:27  SCV  
  40  4:29  Cloaking Field  
  44  4:32  SCV  
  44  4:38  Factory Reactor  
  44  4:39  SCV  
  44  4:40  Supply Depot  
  44  4:43  Barracks Tech Lab  
  44  4:44  SCV  
  46  4:51  Supply Depot  
  46  4:52  SCV  
  47  4:56  SCV  
  48  5:04  SCV  
  48  5:08  SCV  
  47  5:16  SCV  
  47  5:18  Stimpack  
  47  5:20  SCV  
  48  5:25  Factory Reactor  
  48  5:29  Command Center  
  48  5:34  Marine  
  48  5:35  SCV x2  
  51  5:47  SCV  
  51  5:48  Barracks  
  51  5:49  Barracks  
  52  5:51  SCV  
  52  5:52  Marine  
  54  5:58  Starport Reactor  
  54  6:00  Engineering Bay x2, SCV  
  55  6:06  SCV  
  55  6:10  Marine  
  57  6:14  SCV  
  57  6:16  Refinery  
  57  6:17  Refinery  
  57  6:18  SCV  
  59  6:19  Supply Depot  
  59  6:20  Siege Tank  
  62  6:26  SCV  
  62  6:28  Terran Infantry Weapons Level 1, Marine, Terran Infantry Armor Level 1  
  62  6:30  SCV  
  65  6:37  Marine  
  65  6:38  Marine  
  65  6:39  SCV  
  64  6:41  Marine x2  
  64  6:42  SCV  
  67  6:49  Orbital Command, Marine  
  67  6:51  SCV  
  68  6:54  SCV  
  68  6:55  Marine  
  68  6:58  Siege Tank  
  68  7:01  Marine x2  
  75  7:02  Marine  
  75  7:03  SCV  
  77  7:08  Marine  
  77  7:10  Medivac x2  
  77  7:13  Marine  
  83  7:15  SCV  
  83  7:17  SCV  
  83  7:18  Marine  
  83  7:19  Marine  
  83  7:22  SCV  
  88  7:23  Marine  
  89  7:33  Siege Tank  
  89  7:37  SCV  
  92  7:39  Supply Depot  
  92  7:40  Marine, Supply Depot  
  92  7:41  Supply Depot  
  93  7:52  Supply Depot, Combat Shields  
  93  7:55  Medivac, SCV  
  93  7:57  Marine  
  82  8:02  Marine  
  82  8:04  Marine  
  76  8:07  Siege Tank  
  76  8:12  Orbital Command, Medivac  
  68  8:13  SCV  
  68  8:15  SCV  
  66  8:32  Marine x2  
  67  8:34  SCV  
  67  8:35  SCV  
  67  8:38  Marine  
  67  8:39  Armory, Marine x2  
  72  8:44  Liberator  
  69  8:49  Marine  
  69  8:52  Marine  
  69  8:54  Siege Tank  
  74  8:56  Liberator  
  77  9:05  Marine  
  78  9:14  Marine  
  81  9:20  Marine  
  81  9:23  Marine  
  82  9:28  Marine  
  83  9:36  Marine  
  81  9:49  Marine x2  
  81  9:51  Siege Tank  
  81  9:52  Medivac, Marine x2  
  84  9:53  Liberator  
  84  9:55  SCV  
  84  9:56  SCV  
  81  10:00  Marine  
  82  10:07  Marine x2  
  82  10:10  Marine  
  88  10:17  Marine x2, Supply Depot  
  86  10:21  Liberator  
  86  10:25  Marine x2  
  88  10:29  Marine  
  88  10:31  Siege Tank  
  88  10:35  Marine  
  93  10:36  Marine  
  97  10:42  Marine  
  97  10:43  Marine  
  97  10:44  Supply Depot  
  97  10:46  Marine  
  100  10:53  Marine  
  100  10:54  Marine  
  95  11:00  Marine  
  95  11:01  Marine  
  96  11:04  Marine  
  96  11:10  Marine  
  94  11:12  Marine  
  88  11:18  Marine  
  89  11:32  Orbital Command  
  86  11:38  Siege Tank  
  83  11:41  Marine  
  83  11:45  Marine  
  72  11:48  Marine  
  72  11:53  Marine  
  65  11:58  Marine  
  65  12:08  Marine  
  64  12:09  Liberator  
  64  12:10  Marine  
  63  12:15  Liberator  
  63  12:16  Marine  
  62  12:39  Orbital Command  
  62  12:40  Marine  
  62  12:41  Marine  
  61  12:48  Siege Tank  
  64  12:56  Marine  
  64  12:58  Marine  
  66  13:00  Marine  
  66  13:02  SCV  
  66  13:03  Marine  
  69  13:09  Liberator x2  
  69  13:12  Marine  
  66  13:17  Marine  
  67  13:25  Siege Tank  
  75  13:28  Marine  
  76  13:34  Marine x2  
  76  13:35  Marine  
  79  13:42  Marine  
  80  13:50  Marine  
  80  13:52  Marine  
  80  13:54  Marine  
  83  13:56  Liberator, SCV x2  
  83  13:58  Supply Depot, Marine  
  86  14:04  Marine  
  86  14:07  Siege Tank  
  86  14:08  Marine, SCV  
  92  14:15  Marine  
  93  14:17  Marine  
  93  14:22  Marine  
  86  14:32  Marine x2  
  83  14:52  Marine x3  
  78  14:58  Marine x2  
  78  15:11  Marine  
  78  15:14  Marine  
  74  15:28  Marine x2  
Tags
 
Add a new tag
Caveats
  • Supply blocks, unpowered buildings, or Contaminate may cause inaccurate times.
  • Supply counts are checked every 10 seconds.